 Dungeon Crawl Stone Soup version 0.27-a0-920-gb2bd10914a (webtiles) character file.

Game seed: 14260440723629553038

129 dickylongcocking the Magician (level 5, -4/39 HPs)
             Began as a Djinni Fire Elementalist on Apr 9, 2021.
             Slain by Natasha (5 damage)
             ... on level 2 of the Dungeon.
             The game lasted 00:02:10 (3325 turns).

dickylongcocking the Magician (DjFE)                Turns: 3325, Time: 00:02:11

Health: -4/39      AC:  2    Str:  7    XL:     5   Next: 12%
Gold:   101        EV: 12    Int: 17    God:
                   SH:  0    Dex: 14

rFire    + + .     SeeInvis .   g - +2 hand axe (vorpal)
rCold    x . .     Faith    .   (no shield)
rNeg     . . .     Spirit   .   a - +0 robe
rPois    ∞         Reflect  .   (no helmet)
rElec    .         Harm     .   (no cloak)
rCorr    .         Rampage  .   (no gloves)
Will     .....                  (boots unavailable)
Stlth    ++........             (no amulet)
HPRegen  0.13/turn              (no ring)
MPRegen  0.00/turn              (no ring)

@: attractive, flying
A: fire resistance 2, cold vulnerability 1, float, innate caster, hp casting,
extra vitality 1
a: no special abilities


You were on level 2 of the Dungeon.
You visited 1 branch of the dungeon, and saw 2 of its levels.

You collected 101 gold pieces.

Inventory:

Hand Weapons
 d - a +0 dagger
 g - a +2 vorpal hand axe (weapon)
Armour
 a - a +0 robe (worn)
Scrolls
 b - a scroll of immolation {unknown}
 c - 5 scrolls of identify {unknown}
 f - a scroll of torment {unknown}


   Skills:
 * Level 2.4 Fighting
 - Level 2.3 Dodging
 - Level 1.7 Stealth
 * Level 4.1 Spellcasting


You couldn't memorise any spells.
You knew the following spells:

 Your Spells              Type           Power      Damage    Failure   Level
a - Foxfire               Conj/Fire      68%        2x1d7     3%          1
b - Conjure Flame         Conj/Fire      17%        6-21      9%          3
c - Inner Flame           Hex/Fire       17%        N/A       9%          3
d - Sticky Flame          Conj/Fire      17%        2d4       28%         4
e - Fireball              Conj/Fire      8%         3d6       63%         5
f - Corona                Hex            18%        N/A       3%          1
g - Call Imp              Summ           17%        N/A       4%          2
Your spell library was empty.

Dungeon Overview and Level Annotations

Branches:
Dungeon (2/15)

Altars:

Annotations:
D:2 Crazy Yiuf, Natasha


Innate Abilities, Weirdness & Mutations

You are immune to poison.
Your flesh is very heat resistant. (rF++)
You are vulnerable to cold. (rC-)
You float through the air rather than walking.
You learn spells naturally, not from books.
Your magical power is your life essence.
You have superior vitality. (+4 HP)


Message History

The foxfire hits Crazy Yiuf.
Crazy Yiuf is moderately wounded.
Crazy Yiuf closely misses you.
Unknown command.
Casting: Foxfire (safe; 3% risk of failure)
Confirm with . or Enter, or press ? or * to list all spells.
You conjure some foxfire!
Crazy Yiuf misses you.
Unknown command.
Unknown command.
You hit Crazy Yiuf.
Crazy Yiuf is moderately wounded.
The foxfire hits Crazy Yiuf!
Crazy Yiuf is severely wounded.
The foxfire hits Crazy Yiuf but does no damage.
Crazy Yiuf is severely wounded.
Crazy Yiuf barely misses you. Natasha closely misses you.
Crazy Yiuf hits you with a +2 quarterstaff of chaos!
Crazy Yiuf freezes you.
Casting: Foxfire (safe; 3% risk of failure)
Confirm with . or Enter, or press ? or * to list all spells.
You conjure some foxfire!
Natasha casts a spell at you. The magic dart hits you.
Crazy Yiuf says, "Proton chair sizzlefizz!"
Crazy Yiuf hits you with a +2 quarterstaff of chaos!
* * * LOW HITPOINT WARNING * * *
Crazy Yiuf freezes you.
* * * LOW HITPOINT WARNING * * *
Unknown command.
Unknown command.
Unknown command.
The foxfire hits Crazy Yiuf.
Crazy Yiuf is almost dead.
The foxfire hits Crazy Yiuf.
Crazy Yiuf is almost dead.
Really quaff the potion of attraction?
You feel attractive to monsters.
Natasha mewls in sadness.
Natasha claws you.
You die...

#.# #.####...### #.###
#.# ###.# ##### ###..
#.# #...# ### #.####
#.### #....# #.####♣♣
### ####.# #.#.#..♣♣
♣♣#..)# #.#
#.......♣♣♣♣.'...#
#.#####...h..♣..♣#...#
#.......#@g.♣.♣♣♣ ###
#######.##♣♣♣♣♣ #.#
#.##### ####..# #..#
#..# #..# #..#


You could see Crazy Yiuf and Natasha.

Vanquished Creatures
  Natasha (twice) (D:2)
  2 adders (D:2)
  A dart slug (D:2)
  3 ball pythons (D:1)
  3 bats
  5 endoplasms
  3 giant cockroaches
  6 hobgoblins
  12 jackals
  4 kobolds (D:1)
  4 frilled lizards
  5 goblins
  4 rats
54 creatures vanquished.

Vanquished Creatures (others)
  158 foxfires
158 creatures vanquished.

Grand Total: 212 creatures vanquished

Notes
Turn   | Place    | Note
-------+----------+-------------------------------------------
     0 | D:1      | dickylongcocking the Djinni Fire Elementalist began the
                  | quest for the Orb.
     0 | D:1      | Reached XP level 1. HP: 15/15 MP: 0/0
   209 | D:1      | Reached skill level 3 in Spellcasting
   328 | D:1      | Reached XP level 2. HP: 14/21 MP: 0/0
  1133 | D:1      | Reached XP level 3. HP: 21/25 MP: 0/0
  1133 | D:1      | Learned a level 1 spell: Corona
  1827 | D:2      | Noticed Natasha
  1839 | D:2      | Killed Natasha
  1840 | D:2      | Reached skill level 1 in Fighting
  1842 | D:2      | Reached XP level 4. HP: 19/32 MP: 0/0
  1985 | D:2      | Noticed Natasha
  2005 | D:2      | Killed Natasha
  2671 | D:2      | Reached skill level 4 in Spellcasting
  2771 | D:2      | Reached XP level 5. HP: 38/38 MP: 0/0
  2771 | D:2      | Learned a level 2 spell: Call Imp
  2813 | D:2      | Found a runed translucent door.
  2813 | D:2      | Noticed Natasha
  2814 | D:2      | Noticed Crazy Yiuf
  3323 | D:2      | HP: 1/39 [Crazy Yiuf/+2 quarterstaff of chaos (3)]
  3325 | D:2      | Slain by Natasha

Illustrated notes

Levels and vault maps discovered:
D:1:      dpeg_arrival_morbid_curiosity, layout_loops_ring
D:2:      layout_loops_ring, minmay_octomino_e4, uniq_natasha,
          uniq_crazy_yiuf_cottage

Skill      XL: |  1  2  3  4 |
---------------+-------------+-----
Spellcasting   | 3 4 |  4.1
Fighting       | 1 2 |  2.4
Dodging        | |  2.3
Stealth        | |  1.7

Action                   |  1- 3 |  4- 6 || total
-------------------------+-------+-------++-------
Melee: Unarmed           |     7 |       ||     7
       Dagger            |    11 |       ||    11
       Hand axe          |       |    33 ||    33
 Cast: Foxfire           |    69 |    35 ||   104
  Use: Potion            |       |     4 ||     4
 Stab: Sleeping          |       |     1 ||     1
Armor: Robe              |    12 |    17 ||    29
       Skin              |       |     6 ||     6
Dodge: Dodged            |    24 |    58 ||    82

Table legend: (Time is in decaauts)
 A = Elapsed time spent in this place.
 B = Non-inter-level travel time spent in this place.
 C = Inter-level travel time spent in this place.
 D = Time resting spent in this place.
 E = Time spent auto-exploring this place.
 F = Levels seen in this place.
 G = Mean time per level.
                   A        B        C        D        E       F      G
               +--------+--------+--------+--------+--------+-----+--------+
         Total |   3334 |   3306 |     28 |     16 |   2913 |   2 | 1667.0 |
       Dungeon |   3334 |   3306 |     28 |     16 |   2913 |   2 | 1667.0 |
               +--------+--------+--------+--------+--------+-----+--------+

Top non-repeatable levels by time:
     D:1: 1804 daAuts
     D:2: 1529 daAuts
